 Dungeon Crawl Stone Soup version 0.31-a0-542-gdc2a67831c (webtiles) character file.

Game seed: 11434536932152275508

2870 AdnanSaban the Basher (level 9, -7/55 HPs)
             Began as a Gargoyle Fighter on Aug 14, 2023.
             Killed from afar by an acid dragon (23 damage)
             ... with a splash of acid
             ... on level 8 of the Dungeon.
             The game lasted 00:09:06 (8247 turns).

AdnanSaban the Basher (Gargoyle Fighter)            Turns: 8247, Time: 00:09:07

Health: -7/55      AC: 11    Str: 23    XL:     9   Next: 76%
Magic:  9/9        EV:  9    Int: 10    God:
Gold:   433        SH:  5    Dex:  9    Spells: 8/8 levels left

rFire   + . .        z - +2 whip (flame)
rCold   . . .        c - +0 buckler
rNeg    + . .        a - +0 chain mail
rPois   ∞            (no helmet)
rElec   +            k - +0 cloak
rCorr   .            (no gloves)
SInv    .            C - +0 pair of boots
Will    .....        (no amulet) Stlth
                     K - ring of protection from fire
HPRegen 0.29/turn    (no ring)
MPRegen 0.11/turn

%: no passive effects
@: corroded
A: sickness immunity, AC +6, negative energy resistance 1, electricity
resistance, torment resistance 1, petrification resistance
a: no special abilities


You were on level 8 of the Dungeon.
You visited 2 branches of the dungeon, and saw 9 of its levels.
You also visited: Sewer and Ossuary.

You collected 433 gold pieces.

Inventory:

Hand Weapons
 z - a +2 whip of flaming (weapon)
Missiles
 m - 11 poisoned darts (quivered)
 q - 10 boomerangs
Armour
 a - a +0 chain mail (worn)
 c - a +0 buckler (worn)
 k - a +0 cloak (worn)
 C - a +0 pair of boots (worn)
Jewellery
 K - a ring of protection from fire (left hand)
Wands
 y - a wand of flame (36)
 F - a wand of polymorph (8)
Scrolls
 b - a scroll of enchant weapon {unknown}
 e - 2 scrolls of teleportation {unknown}
 g - 4 scrolls of enchant armour {unknown}
 h - a scroll of amnesia {unknown}
 j - 6 scrolls of identify {unknown}
 p - a scroll of immolation {unknown}
 s - a scroll of butterflies {unknown}
 v - a scroll of poison {unknown}
 w - 2 scrolls of noise {unknown}
 x - 2 scrolls of blinking {unknown}
 A - a scroll of acquirement {unknown}
 D - 3 scrolls of fear {unknown}
 E - 2 scrolls of revelation {unknown}
 I - 2 scrolls of silence {unknown}
Potions
 d - a potion of might
 f - 2 potions of haste {unknown}
 i - 5 potions of enlightenment {unknown}
 l - 2 potions of brilliance {unknown}
 n - 3 potions of lignification {unknown}
 o - 2 potions of mutation {unknown}
 r - 4 potions of degeneration {unknown}
 t - a potion of cancellation {unknown}
 u - 2 potions of magic {unknown}
 B - 3 potions of attraction {unknown}
 G - 2 potions of curing {unknown}
 J - a potion of heal wounds {unknown}


   Skills:
 + Level 6.2 Fighting
 + Level 8.4 Maces & Flails
 + Level 0.7 Throwing
 + Level 7.5 Armour
 + Level 3.2 Dodging
 + Level 2.2 Stealth
 + Level 5.9 Shields


You had 8 spell levels left.
You didn't know any spells.
Your spell library contained the following spells:

 Spells                   Type           Power      Damage    Failure   Level
 Apportation              Tloc           0%         N/A       92%         1
 Necrotise                Necr           0%         1d4       92%         1
 Slow                     Hex            0%         N/A       92%         1
 Sting                    Tmut/Pois      0%         1d3       92%         1
 Summon Small Mammal      Summ           0%         N/A       92%         1
 Poisonous Vapours        Pois/Air       0%         N/A       98%         2
 Confusing Touch          Hex            0%         N/A       100%        3
 Mephitic Cloud           Conj/Pois/Air  0%         N/A       100%        3
 Vampiric Draining        Necr           0%         2d6       100%        3
 Olgreb's Toxic Radiance  Pois           0%         N/A       100%        4
 Agony                    Necr           0%         N/A       100%        5
 Freezing Cloud           Conj/Ice/Air   0%         6-21      100%        5


Dungeon Overview and Level Annotations

Branches:
Dungeon (8/15)             Temple (1/1) D:4           Sewer (visited)
Ossuary (visited)
   Lair: D:8-11

Altars:
Cheibriados
Dithmenos
Elyvilon
Fedhas
Hepliaklqana
Kikubaaqudgha
Makhleb
Nemelex Xobeh
Qazlal
Trog
Uskayaw
Vehumet
Wu Jian
Yredelemnul
The Shining One

Shops:
D:1 *


Innate Abilities, Weirdness & Mutations

You are immune to sickness and miasma.
Your stone body is resilient. (AC +6)
You are immune to poison.
You resist negative energy. (rN+)
You are resistant to electric shocks. (rElec)
You are resistant to unholy torment.
You are immune to petrification.


Message History

You are too injured to fight recklessly!
You are too injured to fight recklessly!
You are too injured to fight recklessly!
You are too injured to fight recklessly!
You are too injured to fight recklessly!
You are too injured to fight recklessly!
You are too injured to fight recklessly!
You are too injured to fight recklessly!
You are too injured to fight recklessly!
You are too injured to fight recklessly!
You are too injured to fight recklessly!
You are too injured to fight recklessly!
You are too injured to fight recklessly!
You are too injured to fight recklessly!
You are too injured to fight recklessly!
You hit the acid dragon but do no damage.
You hit the acid dragon but do no damage.
The acid dragon bites you!
The acid dragon claws you but does no damage.
You hit the acid dragon but do no damage.
The acid dragon closely misses you. The acid dragon barely misses you.
You hit the acid dragon but do no damage.
The acid dragon bites you.
* * * LOW HITPOINT WARNING * * *
The acid dragon claws you but does no damage.
You hit the acid dragon. You burn the acid dragon.
The acid dragon is lightly wounded.
You closely miss the acid dragon.
The acid dragon is lightly wounded.
The acid dragon misses you.
The acid dragon claws you but does no damage.
You hit the acid dragon but do no damage.
The acid dragon is lightly wounded.
The acid dragon bites you but does no damage.
The acid dragon claws you but does no damage.
You hit the acid dragon. You burn the acid dragon.
The acid dragon is moderately wounded.
The acid dragon spits acid at you. The splash of acid hits you!!
You die...

#.##..~≈~~≈~~..##
####.#..≈≈≈≈≈≈≈~~..#
#......≈~≈≈≈~~≈≈≈~.##
#......~≈~~♣P.~~≈≈..#
#.....~≈≈~PP..P~≈≈~.#
#.....≈≈≈≈<._♣>~≈≈~.##
#.....~≈≈~P...P~≈~~..#
#......~≈~≈P♣P~≈≈~...#
#.....@≈≈≈≈≈≈≈~≈≈~.#.#
#.....D.≈~≈≈≈≈≈~~..#.#
#........~≈~≈≈~≈..#..#
............~~~...##.##
##...................###
........................
####.#########..........
#. ####..........
....###...(...


You could see an acid dragon (catching breath).

Vanquished Creatures
  Pikel (D:4)
  Eustachio (D:5)
  Duvessa (D:6)
  A water moccasin (D:5)
  A hornet zombie (Ossuary)
  An ice beast (D:6)
  A sky beast (D:7)
  A phantom (D:6)
  3 scorpions
  Dowan (D:6)
  3 bullfrog zombies (Ossuary)
  A centaur zombie (Ossuary)
  3 jellies
  4 orc priests
  2 sleepcaps
  3 hounds
  4 iguanas
  5 orc wizards
  Natasha (D:2)
  3 killer bee zombies (Ossuary)
  18 mummies (Ossuary)
  A howler monkey zombie (Ossuary)
  4 gnolls (D:5)
  9 adders
  2 river rats (Sewer)
  A shadow imp (D:8)
  An ufetubus (D:4)
  2 worms (Sewer)
  A dart slug (D:3)
  25 orcs
  2 bats
  11 endoplasms
  5 giant cockroaches
  7 goblins
  5 hobgoblins
  2 jackals (D:3)
  4 kobolds
  5 quokkas
  13 ball pythons
  7 frilled lizards
  7 rats
173 creatures vanquished.

Notes
Turn   | Place    | Note
-------+----------+-------------------------------------------
     0 | D:1      | AdnanSaban the Gargoyle Fighter began the quest for the
                  | Orb.
     0 | D:1      | Reached XP level 1. HP: 14/14 MP: 1/1
   129 | D:1      | Found Ewothrore's Assorted Antiques.
   165 | D:1      | Reached XP level 2. HP: 18/19 MP: 2/2
   540 | D:2      | Reached XP level 3. HP: 15/23 MP: 3/3
  1048 | D:2      | Noticed Natasha
  1053 | D:2      | Killed Natasha
  1153 | D:2      | Reached XP level 4. HP: 29/29 MP: 4/4
  1610 | D:3      | Reached skill level 3 in Maces & Flails
  2066 | D:3      | Reached XP level 5. HP: 25/33 MP: 5/5
  2166 | D:3      | Found a sparkling altar of Nemelex Xobeh.
  2530 | D:4      | Found a staircase to the Ecumenical Temple.
  2546 | Temple   | Entered the Ecumenical Temple
  2852 | D:4      | Reached skill level 4 in Maces & Flails
  2856 | D:4      | Found a glowing drain.
  2867 | Sewer    | Entered a sewer
  2896 | Sewer    | Reached XP level 6. HP: 29/38 MP: 6/6
  3065 | Sewer    | Reached skill level 1 in Dodging
  3244 | Sewer    | Found a viscous altar of Jiyva.
  3723 | D:5      | Entered Level 5 of the Dungeon
  3970 | D:4      | Reached skill level 5 in Maces & Flails
  3970 | D:4      | Reached XP level 7. HP: 43/43 MP: 7/7
  4019 | D:4      | Noticed Pikel
  4042 | D:4      | Killed Pikel
  4043 | D:4      | Reached skill level 6 in Maces & Flails
  4043 | D:4      | Reached skill level 5 in Armour
  4043 | D:4      | Reached XP level 8. HP: 18/48 MP: 8/8
  4837 | D:5      | Reached skill level 5 in Fighting
  4867 | D:5      | Noticed Eustachio
  4901 | D:5      | Killed Eustachio
  4992 | D:5      | Reached skill level 7 in Maces & Flails
  5206 | D:5      | Found a basalt altar of Yredelemnul.
  5482 | D:6      | Found a glowing golden altar of the Shining One.
  5540 | D:6      | Reached skill level 5 in Shields
  5641 | D:6      | Noticed Dowan
  5643 | D:6      | Noticed Duvessa
  6030 | D:7      | Reached XP level 9. HP: 54/54 MP: 9/9
  6080 | D:7      | Found a sand-covered staircase.
  6085 | Ossuary  | Entered an ossuary
  7532 | D:6      | Reached skill level 8 in Maces & Flails
  7613 | D:6      | Killed Duvessa
  7629 | D:6      | Killed Dowan
  7697 | D:6      | Reached skill level 1 in Stealth
  8199 | D:8      | Found a blossoming altar of Fedhas.
  8247 | D:8      | Killed from afar by an acid dragon

Illustrated notes

Levels and vault maps discovered:
D:1:      ebering_trefoil_3fold, layout_basic, serial_shops, shop_statue
D:2:      layout_loops_corners, uniq_natasha
D:3:      layout_loops_ring, marbit_many_paths, palyth_stone_intersect
D:4:      layout_basic, minmay_temple_entry_waves, portal_sewer_entry_a,
          uniq_pikel
D:5:      layout_gridville, kennysheep_mini_moat, uniq_eustachio
D:6:      layout_basic, nicolae_tso_swordbearing_angel, uniq_duvessa
D:7:      layout_basic, serial_co_window_serial, co_window_of_opportunity_a,
          co_window_paths_a, co_window_paths_b, co_window_paths_a,
          co_window_corner_a, co_window_unsneaky_path_e, co_window_corner_b,
          co_window_of_opportunity_c, co_window_of_opportunity_b,
          glass_columns_a, glass_columns_b, glass_columns_c, glass_columns_b,
          glass_columns_a, enter_ossuary_5
D:8:      layout_basic, fedhas_ov_isle_minmay, corexii_mini_fake_secret_closet,
          uniq_jeremiah
Temple:   grunt_temple_mini_profane

Skill      XL: |  1  2  3  4  5  6  7  8  9 |
---------------+----------------------------+-----
Maces & Flails | 3 4 5 6 7 8 |  8.4
Armour         | 4 5 7 |  7.5
Fighting       | 4 5 6 |  6.2
Dodging        | 1 2 3 |  3.2
Shields        | 4 5 |  5.9
Stealth        | 2 |  2.2
Throwing       | |  0.7

Action                     |  1- 3 |  4- 6 |  7- 9 || total
---------------------------+-------+-------+-------++-------
  Melee: Flail             |   102 |   332 |    23 ||   457
         Whip              |       |       |   478 ||   478
  Throw: Dart              |       |       |     2 ||     2
 Armour: Scale mail        |    92 |   233 |     7 ||   332
         Chain mail        |       |       |   318 ||   318
  Dodge: Dodged            |    64 |   185 |   172 ||   421
  Block: Buckler           |    22 |    84 |    78 ||   184

Table legend: (Time is in decaauts)
 A = Elapsed time spent in this place.
 B = Non-inter-level travel time spent in this place.
 C = Inter-level travel time spent in this place.
 D = Time resting spent in this place.
 E = Time spent auto-exploring this place.
 F = Levels seen in this place.
 G = Mean time per level.
                   A        B        C        D        E       F      G
               +--------+--------+--------+--------+--------+-----+--------+
         Total |   8381 |   7894 |    487 |    322 |   5789 |  11 |  761.9 |
       Dungeon |   6856 |   6369 |    487 |     99 |   5066 |   8 |  857.0 |
        Temple |      1 |      1 |      0 |      0 |      0 |   1 |    1.0 |
         Sewer |    599 |    599 |      0 |      0 |    381 |   1 |  599.0 |
       Ossuary |    923 |    923 |      0 |    223 |    342 |   1 |  923.0 |
               +--------+--------+--------+--------+--------+-----+--------+

Top non-repeatable levels by time:
     D:5: 1323 daAuts
     D:4: 1123 daAuts
     D:2: 1109 daAuts
     D:7: 932 daAuts
 Ossuary: 923 daAuts
     D:3: 921 daAuts
     D:6: 829 daAuts
   Sewer: 599 daAuts
     D:1: 531 daAuts
     D:8: 85 daAuts
  Temple: 1 daAuts
